 Dungeon Crawl Stone Soup version 0.31.0-32-g396128a36d (webtiles) character file.

Game seed: 6206727415523680120

18406 raph the Destroyer (level 12, 0/64 HPs)
             Began as a Deep Elf Earth Elementalist on Apr 5, 2024.
             Was an Elder of Sif Muna.
             Slain by a sixfirhy (11 damage)
             ... in a Gauntlet.
             The game lasted 00:33:25 (18782 turns).

raph the Destroyer (Deep Elf Earth Elementalist)   Turns: 18782, Time: 00:33:25

Health: 0/64       AC: 12    Str:  5    XL:     12   Next: 27%
Magic:  18/36      EV: 15    Int: 30    God:    Sif Muna [****..]
Gold:   664        SH:  5    Dex: 15    Spells: 3/29 levels left

rFire   + . .        v - +3 dagger (pain)
rCold   . . .        I - +0 buckler
rNeg    . . .        F - +0 steam dragon scales
rPois   .            o - +1 helmet
rElec   .            s - +0 cloak
rCorr   .            N - +3 pair of gloves of Immorality {Int+4}
SInv    .            (no boots)
Will    +....        (no amulet)
Stlth   ++++         p - ring of magical power
HPRegen 0.30/turn    d - ring of protection from fire
MPRegen 0.25/turn

%: no teleportation
@: no status effects
A: no striking features
a: Renounce Religion, Channel Magic, Forget Spell, Divine Exegesis


You were in a Gauntlet.
You worshipped Sif Muna.
Sif Muna was greatly pleased with you.
You visited 3 branches of the dungeon, and saw 14 of its levels.
You also visited: Bailey and Gauntlet.

You collected 664 gold pieces.

Inventory:

Hand Weapons
 q - a +4 heavy long sword
 u - the +0 hand axe of Death {protect, rPois rN+ rCorr}
   (You found it on level 5 of the Dungeon)

   rPois:     It protects you from poison rN+: It protects you from negative
   energy.
   rCorr:     It protects you from acid and corrosion.
 v - a +3 dagger of pain (weapon)
 C - a +1 scimitar
Armour
 o - a +1 helmet (worn)
 s - a +0 cloak (worn)
 F - +0 steam dragon scales (worn)
 I - a +0 buckler (worn)
 N - the +3 pair of gloves of Immorality (worn) {Int+4}
   (You found it on level 2 of the Lair of Beasts)

   Int+4:     It affects your intelligence (+4).
Jewellery
 d - a ring of protection from fire (right hand)
 j - a ring of protection from cold
 p - a ring of magical power (left hand)
 D - a ring of poison resistance
 H - an amulet of regeneration
 L - a ring of willpower
 P - a +5 ring of evasion
Wands
 f - a wand of roots (2)
 h - a wand of flame (23)
 r - a wand of light (4)
 y - a wand of polymorph (13)
 B - a wand of charming (13)
Scrolls
 c - 3 scrolls of noise
 e - 3 scrolls of fog
 g - 5 scrolls of teleportation
 k - 4 scrolls of amnesia
 l - a scroll of identify
 m - 2 scrolls of poison
 t - a scroll of revelation
 G - 4 scrolls of vulnerability
 J - a scroll of enchant armour
 K - a scroll of summoning
 M - 2 scrolls of immolation
Potions
 a - a potion of haste
 b - 2 potions of lignification
 i - 4 potions of brilliance
 n - 3 potions of curing
 w - 5 potions of berserk rage
 x - 2 potions of heal wounds
 z - a potion of ambrosia
 A - 3 potions of mutation
 E - a potion of magic
 O - a potion of invisibility {unknown}


   Skills:
 + Level 3.3 Fighting
 + Level 8.3 Dodging
 + Level 8.9 Stealth
 * Level 4.3 Shields
 + Level 9.0 Spellcasting
 * Level 10.3 Conjurations
 + Level 7.4 Fire Magic
 + Level 10.0 Earth Magic
 + Level 6.5 Invocations


You had 3 spell levels left.
You knew the following spells:

 Your Spells              Type           Power      Damage    Failure   Level
a - Sandblast             Erth           100%       2d20      1%          1
b - Passwall              Erth           65%        N/A       1%          3
c - Stone Arrow           Conj/Erth      100%       3d13      1%          3
d - Brom's Barrelling Bo  Conj/Erth      65%        2d8       1%          4
e - Fireball              Conj/Fire      30%        3d13      4%          5
f - Iskenderun's Battles  Conj           66%        2d12      2%          5
g - Lee's Rapid Deconstr  Erth           32%        3d17*     3%          5

Your spell library contained the following spells:

 Spells                   Type           Power      Damage    Failure   Level
 Magic Dart               Conj           100%       1d8       1%          1
 Dazzling Flash           Conj/Hex       88%        N/A       2%          3
 Volatile Blastmotes      Fire/Tloc      70%        2d15      4%          3
 Blink                    Tloc           26%        N/A       10%         2
 Call Imp                 Summ           26%        N/A       10%         2
 Leda's Liquefaction      Alch/Erth      21%        N/A       9%          4
 Petrify                  Alch/Erth      43%        N/A       9%          4
 Sticky Flame             Fire/Alch      35%        2d7       14%         4
 Bombard                  Conj/Erth      32%        9d6       16%         6
 Arcjolt                  Conj/Air       22%        1d32      22%         5
 Starburst                Conj/Fire      30%        6d9       26%         6
 Orb of Destruction       Conj           33%        9d10      61%         7
 Conjure Ball Lightning   Conj/Air       22%        3x3d6     75%         6
 Yara's Violent Unravell  Hex/Alch       6%         3d5       87%         5
 Eringya's Noxious Bog    Alch           6%         4d6       100%        6
 Maxwell's Capacitive Co  Air            6%         ∞         100%        8
 Summon Horrible Things   Summ           6%         N/A       100%        8


Dungeon Overview and Level Annotations

Branches:
Dungeon (10/15)            Temple (1/1) D:4            Lair (3/5) D:9
 Shoals (0/4) Lair:3       Spider (0/4) Lair:2       Bailey (visited)
Gauntlet (1/1)
    Orc: D:9-12

Altars:
Ashenzari
Cheibriados
Dithmenos
Elyvilon
Fedhas
Gozag
Hepliaklqana
Kikubaaqudgha
Makhleb
Nemelex Xobeh
Okawaru
Qazlal
Ru
Sif Muna
Trog
Uskayaw
Vehumet
Wu Jian
Xom
Yredelemnul
Zin
The Shining One

Shops:
D:1 (   D:6 :

Annotations:
Lair:2 exclusion: oklob plant Gauntlet 14 transporters, exclusion: 2 lightning spires


Message History

Press: ? - help, Shift-Dir - straight line, f/p - sixfirhy
Aim: a sixfirhy (50% to hit)
The stone arrow misses the sixfirhy.
The sixfirhy closely misses you. The sixfirhy completely misses you.
The sixfirhy hits you but does no damage. x2
Casting: Stone Arrow (safe; 1% risk of failure)
Confirm with . or Enter, or press ? or * to list all spells.
Aiming: Stone Arrow (safe; 1% risk of failure)
Press: ? - help, Shift-Dir - straight line, f/p - sixfirhy
Aim: a sixfirhy (50% to hit)
The stone arrow hits the sixfirhy!
The sixfirhy is moderately wounded.
You block the sixfirhy's attack. The sixfirhy hits you!
The sixfirhy shocks you!
* * * LOW HITPOINT WARNING * * *
The sixfirhy barely misses you.
Casting: Stone Arrow (safe; 1% risk of failure)
Confirm with . or Enter, or press ? or * to list all spells.
Aiming: Stone Arrow (safe; 1% risk of failure)
Press: ? - help, Shift-Dir - straight line, f/p - sixfirhy
Aim: a sixfirhy (moderately wounded, 50% to hit)
The stone arrow misses the sixfirhy.
Casting: Stone Arrow (safe; 1% risk of failure)
Confirm with . or Enter, or press ? or * to list all spells.
Aiming: Stone Arrow (safe; 1% risk of failure)
Press: ? - help, Shift-Dir - straight line, f/p - sixfirhy
Aim: a sixfirhy (moderately wounded, 50% to hit)
The stone arrow misses the sixfirhy.
Casting: Stone Arrow (safe; 1% risk of failure)
Confirm with . or Enter, or press ? or * to list all spells.
Aiming: Stone Arrow (safe; 1% risk of failure)
Press: ? - help, Shift-Dir - straight line, f/p - sixfirhy
Aim: a sixfirhy (lightly wounded, 50% to hit)
The stone arrow hits the sixfirhy!!
The sixfirhy is severely wounded.
The sixfirhy closely misses you. The sixfirhy misses you.
The sixfirhy hits you!
* * * LOW HITPOINT WARNING * * *
The sixfirhy shocks you!
You die...

###################
.................≈#
..................###
####.###########..#8#
...#.#.........#..###
...#.#.##...##.#....#
##.#.#.#.#.#.#.#....###
#.##.#..##.##..###..#8#
..5#.#..#.©5#.5#@#..###
.#.#.#..##.##.5#3#..#
##.#.#.#.#.#.#!#.#..### ### ###
..5#.#.##...##.#.#..#8# #8# #8#
.53#.#.........#.#..#############
################.#..............#
........©#≈≈8≈≈#.#..............#
################.#############...
§≈≈#©...........©...........©#...


You could see a sixfirhy and 3 ufetubi.

Vanquished Creatures
  4 hydras
  A skyshark (Lair:2)
  An orc sorcerer (Bailey)
  A water nymph (Lair:3)
  A black mamba (Lair:3)
  6 cane toads
  3 rime drakes
  2 kobold demonologists
  2 komodo dragons
  A hornet (D:8)
  A merfolk (Lair:3)
  3 blink frogs (Lair:2)
  2 wyverns
  A human (D:4)
  19 yaks
  A steam dragon (D:8)
  13 water moccasins
  Duvessa (D:5)
  2 sky beasts
  2 ice beasts (D:9)
  12 orc warriors
  2 black bears
  2 wolves (D:9)
  A centaur (D:8)
  A phantom (D:6)
  8 kobold brigands
  9 bullfrogs
  3 scorpions
  9 wights (D:7)
  Dowan (D:5)
  5 killer bees (D:9)
  A howler monkey (D:8)
  5 electric eels (Bailey)
  2 jellies
  7 orc priests
  3 bombardier beetles
  A gnoll bouda (D:7)
  2 hounds
  3 sleepcaps
  Crazy Yiuf (D:4)
  3 orc wizards
  2 iguanas
  Robin (D:2)
  12 gnolls
  9 adders
  A river rat (Lair:3)
  2 shadow imps (D:8)
  A white imp (D:7)
  4 ufetubi (D:5)
  A ribbon worm (D:2)
  4 dart slugs
  37 orcs
  3 bats
  3 endoplasms
  4 giant cockroaches
  26 goblins
  12 hobgoblins
  2 jackals (D:3)
  3 quokkas
  8 ball pythons
  4 frilled lizards
  A jackal zombie (D:4)
  34 kobolds
  8 kobold skeletons (D:8)
  10 kobold zombies (D:8)
  7 rats
347 creatures vanquished.

Vanquished Creatures (collateral kills)
  An orc wizard (D:4)
  A ribbon worm (D:4)
  An orc (D:4)
  A hobgoblin (Bailey)
  7 boulders
11 creatures vanquished.

Vanquished Creatures (others)
  19 boulders
19 creatures vanquished.

Grand Total: 377 creatures vanquished

Notes
Turn   | Place    | Note
-------+----------+-------------------------------------------
     0 | D:1      | raph the Deep Elf Earth Elementalist began the quest for
                  | the Orb.
     0 | D:1      | Reached XP level 1. HP: 10/10 MP: 6/6
   939 | D:1      | Reached XP level 2. HP: 15/15 MP: 6/8
  1128 | D:1      | Found Toudedo's Weapon Shop.
  1322 | D:1      | Got the Incunable of Assistive Clay
  1611 | D:1      | Reached XP level 3. HP: 19/19 MP: 7/9
  1615 | D:1      | Learned a level 3 spell: Passwall
  1619 | D:1      | Learned a level 3 spell: Stone Arrow
  2080 | D:2      | Found a blossoming altar of Fedhas.
  2534 | D:2      | Noticed Robin
  2545 | D:2      | Killed Robin
  2602 | D:2      | Reached XP level 4. HP: 21/24 MP: 0/11
  3296 | D:3      | Noticed a +0 hand axe
  3297 | D:3      | Noticed a +0 hand axe
  3303 | D:3      | Found a hide-covered altar of Uskayaw.
  3601 | D:3      | Reached XP level 5. HP: 16/28 MP: 1/12
  3803 | D:3      | Found a glowing silver altar of Zin.
  4152 | D:3      | Found a shadowy altar of Dithmenos.
  4246 | D:3      | Reached XP level 6. HP: 32/32 MP: 4/13
  4986 | D:4      | Reached skill level 5 in Earth Magic
  5035 | D:4      | Found a staircase to the Ecumenical Temple.
  5037 | D:4      | Got Vakkuul's Directory of the Volley and Flame
  5044 | D:4      | Learned a level 4 spell: Brom's Barrelling Boulder
  5048 | Temple   | Entered the Ecumenical Temple
  5056 | Temple   | Became a worshipper of Sif Muna the Loreminder
  5099 | D:4      | Found a bloodstained altar of Trog.
  5371 | D:4      | Found an ornate altar of the Wu Jian Council.
  5490 | D:4      | Reached XP level 7. HP: 36/36 MP: 4/15
  5580 | D:4      | Found a runed translucent door.
  5580 | D:4      | Noticed a human
  5586 | D:4      | Found a basalt altar of Yredelemnul.
  5599 | D:4      | Killed a human
  6004 | D:4      | Found a broken altar of Ashenzari.
  6032 | D:4      | Found a burning altar of Makhleb.
  6034 | D:4      | Reached skill level 1 in Invocations
  6183 | D:4      | Found a runed translucent door.
  6184 | D:4      | Noticed Crazy Yiuf
  6194 | D:4      | Killed Crazy Yiuf
  6344 | D:4      | Reached * piety under Sif Muna
  6398 | D:4      | Found an ancient bone altar of Kikubaaqudgha.
  6428 | D:5      | Entered Level 5 of the Dungeon
  7000 | D:5      | Reached skill level 5 in Conjurations
  7086 | D:5      | Noticed Dowan
  7208 | D:5      | Identified the +1 falchion of False Accusations {freeze,
                  | *Corrode Str+4}
  7421 | D:5      | Reached skill level 5 in Stealth
  7423 | D:5      | Noticed Duvessa
  7440 | D:5      | Killed Duvessa
  7441 | D:5      | Reached skill level 5 in Spellcasting
  7441 | D:5      | Killed Dowan
  7442 | D:5      | Reached XP level 8. HP: 41/41 MP: 0/17
  7766 | D:5      | Learned a level 5 spell: Fireball
  7955 | D:5      | Identified the +0 hand axe of Death {protect, rPois rN+
                  | rCorr}
  8371 | D:6      | Reached skill level 5 in Dodging
  8371 | D:6      | Reached skill level 1 in Fire Magic
  8948 | D:6      | Reached ** piety under Sif Muna
  9084 | D:6      | Found Byunaq's Book Shoppe.
  9729 | D:7      | Reached XP level 9. HP: 45/45 MP: 11/19
 10291 | D:7      | Found a stormy altar of Qazlal.
 10293 | D:7      | Found a snail-covered altar of Cheibriados.
 10850 | D:8      | Found a hazy altar of Hepliaklqana.
 10931 | D:8      | Found a flagged portal.
 10945 | Bailey   | Entered a bailey
 11466 | Bailey   | Reached *** piety under Sif Muna
 11477 | Bailey   | Noticed a kobold demonologist
 11485 | Bailey   | Killed a kobold demonologist
 11486 | Bailey   | Reached skill level 5 in Fire Magic
 11488 | Bailey   | Reached XP level 10. HP: 20/50 MP: 4/22
 11552 | Bailey   | Noticed an orc sorcerer
 11555 | Bailey   | Killed an orc sorcerer
 11888 | Bailey   | Identified the +8 chain mail "Momuwut" {Dex+4}
 12001 | Bailey   | Found an iron altar of Okawaru.
 12020 | Bailey   | Got the Compilation of Toxicity
 12025 | Bailey   | Identified the +0 leather armour of Insatiable Hunger
                  | {*Corrode rPois Dex+5 Slay+3 SInv}
 12192 | D:8      | Acquired the +0 pair of gloves of Wasted Space {Dex+5}
 12966 | D:8      | Reached **** piety under Sif Muna
 13281 | D:8      | Found an ancient bone altar of Kikubaaqudgha.
 13539 | D:9      | Found a sacrificial altar of Ru.
 13546 | D:9      | Learned a level 5 spell: Iskenderun's Battlesphere
 13728 | D:9      | Reached skill level 5 in Invocations
 13733 | D:9      | Reached skill level 1 in Fighting
 13753 | D:9      | Reached skill level 1 in Shields
 14054 | D:9      | Found a staircase to the Lair.
 14519 | D:10     | Entered Level 10 of the Dungeon
 14550 | Lair:1   | Entered Level 1 of the Lair of Beasts
 14803 | Lair:1   | Noticed a cane toad
 14808 | Lair:1   | Killed a cane toad
 14809 | Lair:1   | Reached XP level 11. HP: 56/56 MP: 23/24
 15780 | Lair:2   | Noticed an eight-headed hydra
 16273 | Lair:2   | Noticed a seven-headed hydra
 16278 | Lair:2   | Killed a seven-headed hydra
 16285 | Lair:2   | Killed an eight-headed hydra
 16726 | Lair:2   | Identified the +3 pair of gloves of Immorality {Int+4}
 16751 | Lair:2   | Found a hole to the Spider Nest.
 16768 | Lair:2   | Learned a level 5 spell: Lee's Rapid Deconstruction
 16808 | Lair:2   | Noticed an oklob plant
 16814 | Lair:2   | Found the +1 robe of Vines {NoPotionHeal Regen++++}
 16828 | Lair:2   | Noticed a skyshark
 16835 | Lair:2   | Killed a skyshark
 17740 | Lair:2   | Noticed a six-headed hydra
 17745 | Lair:2   | Killed a six-headed hydra
 17746 | Lair:2   | Reached skill level 10 in Conjurations
 17746 | Lair:2   | Reached XP level 12. HP: 64/64 MP: 21/26
 18282 | Lair:3   | Noticed a five-headed hydra
 18292 | Lair:3   | Killed a five-headed hydra
 18419 | Lair:3   | Reached skill level 10 in Earth Magic
 18534 | Lair:3   | Found a gate leading to a gauntlet.
 18538 | Gauntlet | Entered a Gauntlet
 18538 | Gauntlet | Found a transporter.
 18547 | Gauntlet | Found a transporter.
 18562 | Gauntlet | Found a transporter.
 18567 | Gauntlet | Found a transporter.
 18584 | Gauntlet | Found a transporter.
 18602 | Gauntlet | Found a transporter.
 18614 | Gauntlet | Found a transporter.
 18618 | Gauntlet | Noticed a hell beast
 18623 | Gauntlet | Noticed a death yak
 18626 | Gauntlet | Found a transporter.
 18626 | Gauntlet | Noticed a death yak
 18633 | Gauntlet | Noticed a death yak
 18637 | Gauntlet | Noticed a dire elephant
 18638 | Gauntlet | Found a transporter.
 18653 | Gauntlet | Found a transporter.
 18667 | Gauntlet | Found a transporter.
 18685 | Gauntlet | Found a transporter.
 18687 | Gauntlet | Found a transporter.
 18714 | Gauntlet | Found a transporter.
 18714 | Gauntlet | Found a transporter.
 18734 | Gauntlet | Found a transporter.
 18749 | Gauntlet | Found a transporter.
 18753 | Gauntlet | Found a transporter.
 18782 | Gauntlet | Slain by a sixfirhy

Illustrated notes

Levels and vault maps discovered:
D:1:      nicolae_arrival_somewhat_less_tricky_arrival, layout_basic,
          serial_shops, nicolae_shop_bloodbath_and_beyond, minmay_crystal_room,
          serial_bayou_ford_a, minmay_misc_feat_cross
D:2:      layout_basic, basic_altar, uniq_robin
D:3:      layout_basic, dancing_weapons_uskayaw, grunt_dithmenos_smoke,
          lemuel_round_altar
D:4:      layout_rooms, dk_yredelemnul_ordeal, nzn_wu_jian_council_hall,
          kiku_gazebo_garden_becter, mainiacjoe_overflow_two_lobes,
          lemuel_round_altar, minmay_temple_entry_stoned_glass,
          hangedman_minor_gate_pass, uniq_crazy_yiuf_cottage
D:5:      layout_cave_pods, uniq_duvessa
D:6:      cheibrodos_quashed, layout_loops_cross, serial_shops, shop,
          hangedman_decor_points
D:7:      layout_basic, chequers_temple_overflow_statue_of_worship
D:8:      wander_kiku_kobolds, layout_rooms, mainiacjoe_overflow_alcove_2,
          enter_bailey_2
D:9:      layout_roguey, kennysheep_little_box, hellmonk_lair_entry_icy,
          hangedman_abyss_or_decor_lesser_grid
D:10:     layout_cave_pools, biasface_ghost_orc_armoury
Temple:   dpeg_three_leaves_temple
Lair:1:   layout_layer_cave
Lair:2:   layout_gridlike, dummy_spider_entry, hangedman_lair_unloving_vines,
          hellmonk_guarded_unrand_vines
Lair:3:   dreamdust_cave_troll, layout_loops_ring,
          nicolae_shoals_entry_flooding, gauntlet_entry_generic, st_stairs_4,
          eino_house_with_fridge, uniq_gastronok
Gauntlet: gammafunk_gauntlet_one_two_three [gammafunk_gauntlet_arena_teeth,
          gammafunk_gauntlet_arena_corners, gammafunk_gauntlet_arena_grid,
          nicolae_gauntlet_arena_blocks, gammafunk_gauntlet_arena_mazey,
          gammafunk_gauntlet_arena_split_diamond, nicolae_gauntlet_arena_x,
          gammafunk_gauntlet_arena_crates, gammafunk_gauntlet_arena_spirals,
          nicolae_gauntlet_exit_dead_adventurers]

Skill      XL: |  1  2  3  4  5  6  7  8  9 10 11 12 |
---------------+-------------------------------------+-----
Conjurations   | 2 3 4 5 6 7 8 10 | 10.3
Stealth        | 3 4 5 6 7 8 |  8.9
Dodging        | 3 4 5 6 7 8 |  8.3
Earth Magic    | 4 5 6 7 8 9 10 | 10.0
Spellcasting   | 4 5 6 7 8 9 |  9.0
Invocations    | 2 3 4 5 6 |  6.5
Fire Magic     | 3 5 6 7 |  7.4
Fighting       | 1 3 |  3.3
Shields        | 1 3 4 |  4.3

Action                     |  1- 3 |  4- 6 |  7- 9 | 10-12 || total
---------------------------+-------+-------+-------+-------++-------
  Melee: Dagger            |     3 |       |       |     2 ||     5
         Whip              |       |     5 |       |       ||     5
         Long sword        |       |       |    12 |       ||    12
   Cast: Sandblast         |    51 |    39 |    21 |    22 ||   133
         Stone Arrow       |    11 |    38 |   102 |   148 ||   299
         Brom's Barrelling |       |     5 |    35 |    13 ||    53
         Fireball          |       |       |     6 |    45 ||    51
         Iskenderun's Batt |       |       |       |    12 ||    12
         Passwall          |       |       |       |     3 ||     3
         Lee's Rapid Decon |       |       |       |     5 ||     5
 Invoke: Channel Magic     |       |       |     3 |     6 ||     9
    Use: Scroll            |       |    10 |     8 |     8 ||    26
         Potion            |       |     1 |     1 |     1 ||     3
   Stab: Sleeping          |       |       |       |     1 ||     1
 Armour: Robe              |    17 |    11 |    19 |       ||    47
         Steam dragon scal |       |       |     5 |    71 ||    76
  Dodge: Dodged            |    25 |    12 |    44 |    73 ||   154
  Block: Buckler           |       |       |       |    12 ||    12
